 Dungeon Crawl Stone Soup version 0.30.0 (webtiles) character file.

Game seed: 10022311990695724196

25 Jarnaxa the Ducker (level 2, 14/14 HPs)
             Began as a Felid Berserker on May 6, 2023.
             Was a Follower of Trog.
             Quit the game on level 1 of the Dungeon.
             The game lasted 00:00:59 (701 turns).

Jarnaxa the Ducker (Felid Berserker)                 Turns: 701, Time: 00:01:00

Health: 14/14      AC:  1    Str: 13    XL:     2   Next: 82%
Magic:  3/3        EV: 18    Int:  8    God:    Trog [*.....]
Gold:   50         SH:  0    Dex: 15    Spells: 1/1 levels left
                                        Lives:  0   Deaths: 0

rFire   . .          .
                       - Unarmed
rCold   . . .        (shield unavailable)
rNeg    . . .        (body armour unavailable)
rPois   .            (helmet unavailable)
rElec   .            (cloak unavailable)
rCorr   .            (gloves unavailable)
SInv    +            (boots unavailable)
Will    .....        (no amulet)
Stlth   +            (no ring)
HPRegen 0.22/turn    (no ring)
MPRegen 0.08/turn

%: no passive effects
@: quick
A: very small, claws 1, fangs 3, see invisible, speed 1, shaggy fur 1, stealthy
paws, no weapons or thrown items, no armour, multi-lived
a: Renounce Religion, Berserk


You were on level 1 of the Dungeon.
You worshipped Trog.
Trog was aware of your devotion.
You visited 1 branch of the dungeon, and saw 1 of its levels.

You collected 50 gold pieces.

Inventory:

Jewellery
 f - an amulet of guardian spirit
Scrolls
 a - a scroll of immolation {unknown}
 c - a scroll of poison {unknown}
 d - a scroll of identify {unknown}
Potions
 b - 2 potions of heal wounds {unknown}
 e - a potion of magic {unknown}


   Skills:
 + Level 3.4 Fighting
 + Level 4.4 Dodging
 + Level 3.4 Unarmed Combat


You had one spell level left.
You didn't know any spells.
Your spell library was empty.

Dungeon Overview and Level Annotations

Branches:
Dungeon (1/15)

Altars:


Innate Abilities, Weirdness & Mutations

You have sharp claws.
You have razor-sharp teeth.
You have supernaturally acute eyesight. (SInv)
You cover ground quickly. (Speed+)
You are covered in fur. (AC +1)
Your paws help you pounce on unaware monsters.
You are incapable of wielding weapons or throwing items.
You cannot wear armour.
You gain extra lives every three experience levels.


Message History

You now have 50 gold pieces (gained 9).
A bat comes into view.
A bat is nearby!
The bat closely misses you.
You barely miss the bat. The bat misses you.
The bat hits you but does no damage. The bat misses you.
You miss the bat. The bat misses you. The bat completely misses you.
You scratch the bat but do no damage. The bat closely misses you.
You scratch the bat.
You kill the bat!
Trog accepts your kill.
A kobold comes into view. It is wielding a +0 short sword.
The kobold shouts!
A kobold is nearby!
You closely miss the kobold. The kobold barely misses you.
You claw the kobold!
You kill the kobold!
Trog accepts your kill.
You see here a +0 short sword.
e - a metallic blue potion You see here a +0 chain mail.
You see here 8 stones.
f - an amulet of guardian spirit
Found a leather armour.
You see here 8 stones.
A hobgoblin comes into view.
A hobgoblin is nearby!
A hobgoblin is nearby!
A hobgoblin is nearby!
The hobgoblin shouts!
The hobgoblin misses you.
You scratch the hobgoblin but do no damage.
The hobgoblin completely misses you.
You scratch the hobgoblin but do no damage.
Your claw misses the hobgoblin. The hobgoblin completely misses you.
You scratch the hobgoblin.
You kill the hobgoblin!
Trog accepts your kill.
You see here a hobgoblin corpse.
Are you sure you want to abandon this character and quit the game? (Confirm with "yes".)

####.###.#######
#.#...............
#.#.#.............
#.#.#..........###
#.#.#..........#
#.#.#.........)#
#.#.#######>.#.##
#.#.# ##....#
#@#.##########).##
#†#.##............
#.#.##.#######.###
#.#.##.# #.#
#.#.##.# #.#
#.#.##.# #.#
#.#.##.# #.#
#.#.##.# #.###
#.#.##.# #....


There were no monsters in sight!

Vanquished Creatures
  2 dart slugs (D:1)
  A ball python (D:1)
  3 endoplasms (D:1)
  3 goblins (D:1)
  3 hobgoblins (D:1)
  2 bats (D:1)
  A frilled lizard (D:1)
  A kobold (D:1)
  3 rats (D:1)
19 creatures vanquished.

Notes
Turn   | Place    | Note
-------+----------+-------------------------------------------
     0 | D:1      | Jarnaxa the Felid Berserker began the quest for the Orb.
     0 | D:1      | Reached XP level 1. HP: 10/10 MP: 2/2
   210 | D:1      | Reached XP level 2. HP: 14/14 MP: 3/3
   701 | D:1      | Quit the game

Illustrated notes

Levels and vault maps discovered:
D:1:      amcnicky_arrival_single_pillar, layout_basic

Action                     || total
---------------------------++-------
  Melee: Unarmed           ||    50
         Bite              ||     4
         Punch             ||     1
   Stab: Sleeping          ||     1
 Armour: Skin              ||     1
  Dodge: Dodged            ||    46
